 Dungeon Crawl Stone Soup version 0.31-a0-692-gf03d1854d5 (webtiles) character file.

Game seed: 11710073725382402120

319 qw the Shooter (level 6, -1/39 HPs)
             Began as a Gargoyle Hunter on Sept 6, 2023.
             Slain by Blork the orc
             ... wielding a +0 scimitar
              (7 damage)
             ... on level 4 of the Dungeon.
             The game lasted 00:01:09 (3064 turns).

qw the Shooter (Gargoyle Hunter)                    Turns: 3064, Time: 00:01:10

Health: -1/39      AC: 10    Str: 15    XL:     6   Next: 46%
Magic:  6/6        EV: 16    Int:  9    God:
Gold:   282        SH:  0    Dex: 15    Spells: 5/5 levels left

rFire   . . .        Y - +0 shortbow
rCold   . . .        (shield currently unavailable)
rNeg    + . .        i - +0 ring mail
rPois   inf          (no helmet)
rElec   +            (no cloak)
rCorr   .            g - +0 pair of gloves
SInv    .            (no boots)
Will    .....        (no amulet)
Stlth   +            h - +5 ring of evasion
HPRegen 0.26/turn    (no ring)
MPRegen 0.10/turn

%: no passive effects
@: no status effects
A: sickness immunity, AC +4, negative energy resistance 1, electricity
resistance, torment resistance 1, petrification resistance
a: no special abilities


You were on level 4 of the Dungeon.
You visited 1 branch of the dungeon, and saw 4 of its levels.

You collected 282 gold pieces.


Innate Abilities, Weirdness & Mutations

You are immune to sickness and miasma.
Your stone body is resilient. (AC +4)
You are immune to poison.
You resist negative energy. (rN+)
You are resistant to electric shocks. (rElec)
You are resistant to unholy torment.
You are immune to petrification.


   Skills:
 - Level 4.4 Fighting
 + Level 6.5 Ranged Weapons
 - Level 1.0 Armour
 - Level 1.5 Dodging
 - Level 1.1 Stealth


You had 5 spell levels left.
You didn't know any spells.
Your spell library was empty.

Inventory:

Hand Weapons
 Y - a +0 shortbow (weapon)
Armour
 g - a +0 pair of gloves (worn)
 i - a +0 ring mail (worn)
Jewellery
 h - a +5 ring of evasion (left hand)
Potions
 a - a potion of enlightenment {unknown}
 b - a potion of invisibility {unknown}
 d - a potion of degeneration {unknown}
 f - 2 potions of curing

Dungeon Overview and Level Annotations

Branches:
Dungeon (4/15)
 Temple: D:4-7

Altars:
Dithmenos
Wu Jian

Annotations:
D:4 3 runed translucent doors, Blork the orc; qw's ghost, amateur MiHs


Message History

You shoot an arrow. The arrow barely misses Blork the orc.
Blork the orc casts a spell at you. The puff of flame hits you.
You shoot an arrow. The arrow barely misses Blork the orc.
Blork the orc screams, "I'll drink your blood!
Soon!"
Blork the orc casts a spell at you. The puff of frost hits you!
You shoot an arrow. The arrow closely misses Blork the orc.
Blork the orc hits you but does no damage. x2
You shoot an arrow.
The arrow hits Blork the orc but does no damage.
Blork the orc is heavily wounded.
Blork the orc completely misses you.
You shoot an arrow.
The arrow hits Blork the orc but does no damage.
Blork the orc is heavily wounded.
Blork the orc points at you and mumbles some strange words.
The magic dart hits you.
You shoot an arrow. The arrow hits Blork the orc.
Blork the orc is severely wounded.
Blork the orc gestures wildly while chanting.
Blork the orc seems to speed up.
You shoot an arrow.
The arrow hits Blork the orc but does no damage.
Blork the orc is severely wounded.
Blork the orc miscasts a cantrip.
Blork the orc closely misses you.
You shoot an arrow.
The arrow hits Blork the orc but does no damage.
Blork the orc is severely wounded.
Blork the orc points at you and mumbles some strange words.
The puff of frost misses you.
Blork the orc hits you but does no damage.
You shoot an arrow. The arrow hits Blork the orc.
Blork the orc is severely wounded.
Blork the orc hits you but does no damage.
You shoot an arrow. The arrow hits Blork the orc.
Blork the orc is almost dead.
Blork the orc hits you with a +0 scimitar!
You die...

#.)#.8.8.#........##
#..)...._#.....>....
#.##.8.8.#....#'#...
#.###...#######.####
#.# ##### #.# #.#
#.#### #.# ......
##.######... ..####
#...@o...... ......
#######..... #.#.##.
._. #. . #. #. ...
###. #.


You could see Blork the orc (fast).

Vanquished Creatures
  A scorpion (D:3)
  A wight (D:4)
  An orc priest (D:4)
  2 gnolls
  8 adders
  A worm (D:4)
  2 dart slugs
  7 orcs
  3 bats (D:1)
  5 endoplasms
  4 giant cockroaches
  11 goblins
  4 hobgoblins
  2 jackals (D:3)
  10 kobolds
  2 quokkas
  4 ball pythons
  4 frilled lizards
  7 rats
79 creatures vanquished.

Notes
Turn   | Place    | Note
-------+----------+-------------------------------------------
     0 | D:1      | qw the Gargoyle Hunter began the quest for the Orb.
     0 | D:1      | Reached XP level 1. HP: 12/12 MP: 1/1
     0 | D:1      | 0 ||| qw: Version: 0.3-a-76-g4403597
     0 | D:1      | 0 ||| qw: Game counter: 300
     0 | D:1      | 0 ||| qw: Melee chars always use a shield: true
     0 | D:1      | 0 ||| qw: God list: Okawaru
     0 | D:1      | 0 ||| qw: Allow faded altars: false
     0 | D:1      | 0 ||| qw: Do Orc after clearing Dungeon:15 true
     0 | D:1      | 0 ||| qw: Do second Lair branch before Depths: true
     0 | D:1      | 0 ||| qw: Lair rune preference: random
     0 | D:1      | 0 ||| qw: Goals: Normal
     0 | D:1      | 0 ||| PLANNING D:1-11
    78 | D:1      | Reached XP level 2. HP: 17/17 MP: 2/2
   339 | D:1      | Found a faded altar of an unknown god.
   464 | D:1      | HP: 1/17 [gnoll/+0 flail (10)]
   466 | D:1      | Reached skill level 5 in Ranged Weapons
   466 | D:1      | Reached XP level 3. HP: 2/21 MP: 3/3
   876 | D:1      | 876 ||| UPGRADING to +5 ring of evasion.
   877 | D:1      | 877 ||| READING scroll labelled ZEYR REZIPN.
   878 | D:1      | 878 ||| READING scroll labelled SAURPH CILAFFU.
   879 | D:1      | 879 ||| READING scroll labelled MEOLEINKITS.
   880 | D:1      | 880 ||| DROPPING scroll of butterflies.
  1174 | D:2      | Reached skill level 3 in Fighting
  1393 | D:2      | Reached XP level 4. HP: 28/28 MP: 4/4
  1631 | D:2      | 1631 ||| UPGRADING to +0 pair of gloves.
  1636 | D:2      | 1636 ||| UPGRADING to +0 ring mail.
  1646 | D:2      | 1646 ||| DROPPING +0 leather armour.
  1647 | D:2      | 1647 ||| DROPPING ring of flight.
  1648 | D:2      | 1648 ||| READING scroll labelled ZUUCRE COLETWE.
  1649 | D:2      | 1649 ||| READING scroll labelled SUGYLEROUSK.
  1650 | D:2      | 1650 ||| DRINKING 2 white potions.
  1718 | D:3      | Found an ornate altar of the Wu Jian Council.
  1738 | D:3      | Reached skill level 1 in Armour
  1800 | D:3      | Reached XP level 5. HP: 22/32 MP: 5/5
  1813 | D:3      | 1813 ||| FLEEEEING.
  1814 | D:3      | 1814 ||| FLEEEEING.
  1815 | D:3      | 1815 ||| FLEEEEING.
  1816 | D:3      | 1816 ||| FLEEEEING.
  1817 | D:3      | 1817 ||| FLEEEEING.
  1818 | D:3      | 1818 ||| FLEEEEING.
  1819 | D:3      | 1819 ||| FLEEEEING.
  1820 | D:3      | 1820 ||| FLEEEEING.
  1821 | D:3      | 1821 ||| FLEEEEING.
  1905 | D:3      | Reached skill level 6 in Ranged Weapons
  2385 | D:3      | 2385 ||| DRINKING 4 fuming orange potions.
  2386 | D:3      | 2386 ||| DROPPING 3 potions of brilliance.
  2474 | D:4      | Found a runed translucent gate.
  2474 | D:4      | Noticed qw's ghost (amateur MiHs)
  2477 | D:4      | Found a runed translucent gate.
  2478 | D:4      | Found a runed translucent gate.
  2652 | D:4      | Reached XP level 6. HP: 38/38 MP: 6/6
  3042 | D:4      | Found a shadowy altar of Dithmenos.
  3043 | D:4      | Noticed Blork the orc
  3056 | D:4      | HP: 6/39 [Blork the orc/puff of frost (8)]
  3064 | D:4      | Slain by Blork the orc

Levels and vault maps discovered:
D:1:      lemuel_arrival_lava_pool, layout_loops_cross,
          shapermc_ecumenical_altar_acropolis, grunt_decor_fettered,
          dk_noncrumbling_2, nicolae_houndstooth_variations
D:2:      layout_loops_corners, minmay_ruptured
D:3:      layout_basic, mainiacjoe_overflow_small_starburst,
          minmay_misc_feat_more_columns
D:4:      layout_basic, overflow_temple_1_default, biasface_ghost_orc_armoury,
          kennysheep_orc_chapel, uniq_menkaure, uniq_blork_the_orc

Skill      XL: |  1  2  3  4  5  6 |
---------------+-------------------+-----
Ranged Weapons | 5 6 |  6.5
Fighting       | 3 4 |  4.4
Armour         | 1 |  1.0
Dodging        | |  1.5
Stealth        | |  1.1

Action                     |  1- 3 |  4- 6 || total
---------------------------+-------+-------++-------
   Fire: Shortbow          |    79 |   209 ||   288
    Use: Scroll            |     3 |     2 ||     5
         Potion            |       |     2 ||     2
 Armour: Leather armour    |     9 |     3 ||    12
         Ring mail         |       |    85 ||    85
  Dodge: Dodged            |    12 |   171 ||   183

Table legend:
 A = Non-vault XP
 B = Vault XP
 C = Vault XP percentage of total XP
 D = Non-vault monster count
 E = Vault monster count
 F = Vault count percentage of total count
                 A         B        C        D         E       F
            +---------+---------+-------+---------+---------+-------
      Total |     392 |      65 |  14.2 |      72 |       7 |   8.9
            +---------+---------+-------+---------+---------+-------
        D:1 |      49 |       0 |   0.0 |      19 |       0 |   0.0
        D:2 |      46 |      18 |  28.1 |      14 |       4 |  22.2
        D:3 |     179 |       0 |   0.0 |      28 |       0 |   0.0
        D:4 |     118 |      47 |  28.5 |      11 |       3 |  21.4
            +---------+---------+-------+---------+---------+-------
